Map: Interloper LE

Players

Juxtapose

  • Race: Protoss Protoss
  • League: Gold
  • Spawn Location: 5:00

keL - Winner!

  • Race: Zerg Zerg
  • League: Diamond
  • Spawn Location: 11:00

VOD

https://youtu.be/IRlVhNg3L6Q

Description

Last week, Blizzard Entertainment announced some significant upcoming design changes for StarCraft II: Legacy of the Void. Expected to go live in November, you can read about it here: http://us.battle.net/sc2/en/blog/20975163/

Basically, the upcoming changes are available to be played and tested now, coincidentally, under Multiplayer>Test, so today I decided to play a few games.

My first match here is against a Diamond 2 Zerg opponent, which I believe is the first Diamond opponent I've ever fought. I did not expect to defeat him given the skill/experience difference between us, and when I got Protoss and saw that he got Zerg, I expected early aggression like people are complaining about on the official forum.

Interestingly, with a traditional wall-in, a Zealot on "guard" duty, and a Sentry, I was able to hold off the first small group of Zerglings, no Mothership Core required. I also took my expansion _not_ at my natural, and was able to defend it through several mass Zergling attacks, and I even forgot to turn on Autocast for the Nexus' new Shield Recharge ability.

So if I, a lowly Gold 3 player, can survive against early aggression from a Diamond 2 player, I have hope the removal of the Mothership Core will not be the doom of us all some are making it out to be; especially considering there's months of testing time left.

Time

  • Played on: Aug. 20, 2017, 3:57 p.m.
  • Length: 14:53
Show
View Real Time Build Order
Export as new Build Order

Juxtapose Protoss 

Build Orders:  

Get SALT Encoding   

  12  0:03  Probe (Chrono Boost)  
  14  0:15  Probe (Chrono Boost)  
  14  0:22  Pylon  
  14  0:27  Probe (Chrono Boost)  
  15  0:42  Gateway, Probe (Chrono Boost)  
  16  0:53  Pylon  
  16  0:54  Probe (Chrono Boost)  
  17  1:03  Assimilator  
  17  1:06  Probe (Chrono Boost)  
  18  1:15  Assimilator  
  19  1:18  Probe (Chrono Boost)  
  19  1:30  Probe (Chrono Boost)  
  20  1:35  Zealot, Cybernetics Core  
  21  1:45  Probe (Chrono Boost)  
  22  1:57  Probe (Chrono Boost)  
  22  1:59  Pylon  
  23  2:03  Pylon  
  24  2:09  Probe (Chrono Boost)  
  24  2:14  Sentry  
  26  2:35  Gateway  
  26  2:40  Sentry  
  28  2:45  Warp Gate  
  28  3:05  Stargate  
  28  3:13  Stalker  
  30  3:36  Stalker  
  32  3:47  Gateway  
  32  3:48  Gateway  
  32  3:52  Robotics Facility  
  32  4:05  Oracle  
  35  4:27  Probe (Chrono Boost)  
  36  4:38  Nexus  
  36  4:40  Pylon  
  36  4:43  Pylon  
  36  4:48  Observer  
  37  4:55  Twilight Council  
  37  5:00  Forge  
  37  5:05  Pylon  
  37  5:10  Observer  
  38  5:36  Warp Prism  
  40  5:43  Zealot x3  
  46  5:53  Stalker  
  47  6:12  Immortal  
  47  6:16  Zealot x3  
  57  6:25  Protoss Ground Weapons Level 1  
  49  6:29  Probe (Chrono Boost)  
  51  6:41  Probe (Chrono Boost)  
  51  6:53  Probe (Chrono Boost)  
  52  6:55  Immortal  
  56  7:01  Charge  
  56  7:05  Probe (Chrono Boost)  
  55  7:17  Probe (Chrono Boost)  
  55  7:20  Pylon  
  55  7:29  Probe (Chrono Boost)  
  56  7:41  Probe (Chrono Boost)  
  58  7:44  Probe (Chrono Boost)  
  58  7:53  Photon Cannon, Probe (Chrono Boost)  
  58  7:55  Photon Cannon  
  58  7:56  Probe (Chrono Boost)  
  60  8:01  Stalker  
  63  8:05  Probe (Chrono Boost)  
  63  8:17  Sentry x2  
  63  8:18  Probe (Chrono Boost)  
  68  8:24  Protoss Ground Armor Level 1  
  68  8:26  Immortal  
  72  8:30  Probe (Chrono Boost)  
  74  8:42  Probe (Chrono Boost)  
  74  8:52  Stalker x2  
  74  8:54  Stalker x2  
  82  9:07  Observer  
  83  9:17  Zealot  
  69  9:46  Zealot x2  
  69  9:47  Zealot x2  
  41  10:16  Immortal  
  41  10:18  Void Ray  
  49  10:21  Zealot  
  49  10:23  Zealot x3  
  57  10:30  Protoss Ground Armor Level 2  
  57  10:48  Stalker x3  
  63  10:55  Immortal  
  67  11:01  Void Ray  
  67  11:04  Assimilator  
  71  11:09  Assimilator  
  71  11:25  Nexus  
  71  11:26  Pylon  
  71  11:29  Pylon  
  71  11:34  Pylon  
  71  11:35  Stalker x2  
  71  11:36  Stalker x2  
  79  11:41  Observer  
  79  12:29  Pylon  
  79  12:30  Gateway  
  79  12:32  Gateway  
  79  12:35  Gateway  
  79  12:38  Gateway  
  79  12:40  Pylon  
  79  12:43  Pylon  
  79  12:47  Pylon  
  79  13:05  Probe (Chrono Boost)  
  80  13:09  Probe x2 (Chrono Boost)  
  82  13:15  Void Ray  
  82  13:17  Probe (Chrono Boost)  
  89  13:21  Probe x2 (Chrono Boost)  
  77  13:29  Probe (Chrono Boost)  
  77  13:33  Probe (Chrono Boost)  
  69  13:41  Probe (Chrono Boost)  
  69  13:45  Probe (Chrono Boost)  
  69  13:53  Probe (Chrono Boost)  
  67  13:57  Probe (Chrono Boost)  
  67  14:02  Zealot x4  
  45  14:03  Zealot  
Show
View Real Time Build Order
Export as new Build Order

keL Zerg - Winner!

Build Orders: Pool First, Swarm Host 

Get SALT Encoding   

  12  0:01  Drone  
  13  0:11  Drone  
  14  0:17  Overlord  
  14  0:26  Extractor  
  14  0:27  Extractor  
  14  0:28  Drone  
  13  0:30  Drone  
  16  0:37  Drone  
  17  0:50  Spawning Pool  
  17  0:52  Drone  
  17  0:58  Drone  
  18  1:19  Hatchery  
  18  1:23  Drone  
  18  1:24  Drone  
  19  1:31  Overlord  
  19  1:38  Zergling x2  
  20  1:45  Queen  
  22  1:50  Zergling x2  
  23  2:04  Drone  
  24  2:12  Drone  
  25  2:21  Drone  
  26  2:23  Queen  
  28  2:31  Queen  
  28  2:32  Drone x2  
  32  2:43  Overlord  
  31  2:53  Drone x2  
  33  3:04  Drone x4  
  37  3:13  Hatchery  
  37  3:14  Extractor  
  37  3:15  Extractor  
  34  3:30  Drone x7  
  41  3:43  Drone x3  
  41  3:44  Overlord  
  41  3:45  Overlord  
  44  3:56  Spore Crawler  
  44  3:57  Drone  
  44  4:04  Lair  
  44  4:05  Spore Crawler  
  44  4:06  Drone x3  
  46  4:10  Overlord  
  46  4:11  Drone x2  
  46  4:17  Drone x2  
  50  4:24  Drone x4  
  50  4:29  Extractor x2  
  52  4:32  Evolution Chamber, Metabolic Boost  
  52  4:33  Evolution Chamber  
  52  4:35  Drone x2  
  52  4:38  Zergling x4  
  52  4:39  Zergling x6  
  52  4:43  Zergling x2  
  58  4:49  Zergling x4  
  60  4:54  Spore Crawler  
  59  5:04  Hydralisk Den  
  59  5:07  Zergling x18  
  67  5:15  Zerg Ground Armor Level 1, Zerg Missile Weapons Level 1  
  67  5:18  Overlord  
  67  5:24  Pneumatized Carapace  
  67  5:28  Drone x2  
  67  5:29  Drone x4  
  73  5:38  Overlord x2  
  73  5:50  Muscular Augments  
  73  5:58  Lurker Den  
  72  6:06  Drone x5  
  72  6:07  Drone x6  
  78  6:19  Zergling x2  
  78  6:20  Zergling x14  
  74  6:32  Extractor  
  72  6:34  Extractor  
  72  6:35  Baneling Nest  
  72  6:36  Overlord x2  
  70  6:45  Zergling x2  
  70  6:46  Zergling x12  
  77  6:50  Overlord x2  
  77  6:53  Hatchery  
  76  6:55  Infestation Pit  
  75  7:07  Hydralisk  
  75  7:08  Hydralisk x6  
  88  7:24  Drone x9  
  88  7:27  Overlord  
  88  7:29  Zerg Missile Weapons Level 2  
  97  7:35  Centrifical Hooks  
  97  7:39  Overseer  
  97  7:50  Drone  
  97  7:51  Drone x9  
  107  8:00  Hydralisk x2  
  107  8:01  Hydralisk x2  
  115  8:06  Overlord x3  
  114  8:17  Zergling x12  
  119  8:21  Queen  
  119  8:25  Zerg Ground Armor Level 2  
  121  8:42  Swarm Host x3  
  121  8:43  Swarm Host x8  
  154  8:49  Burrow  
  154  8:57  Baneling  
  154  8:58  Baneling x2  
  154  8:59  Baneling x3  
  154  9:10  Overlord x3  
  154  9:11  Overlord x2  
  154  9:19  Zergling x2  
  154  9:22  Swarm Host  
  154  9:23  Swarm Host x3  
  156  9:44  Drone  
  156  9:45  Drone x14  
  153  9:48  Zergling x2  
  153  9:49  Zergling x2  
  155  9:54  Drone  
  155  9:55  Drone x2  
  155  9:59  Swarm Host x3  
  166  10:08  Zergling x2  
  166  10:09  Zergling x2  
  168  10:16  Hatchery  
  167  10:21  Hive  
  167  10:22  Swarm Host x4  
  179  10:30  Baneling x6  
  179  10:52  Overlord x2  
  179  10:54  Extractor  
  179  10:56  Zerg Melee Weapons Level 1  
  178  11:00  Hydralisk  
  178  11:01  Hydralisk x7  
  178  11:03  Overlord x4  
  178  11:04  Overlord x2  
  194  11:38  Extractor  
  193  11:41  Spore Crawler  
  193  11:43  Spine Crawler  
  193  11:45  Spine Crawler  
  193  11:46  Spine Crawler  
  189  11:47  Spine Crawler  
  189  11:48  Spine Crawler  
  187  11:59  Zergling x2  
  187  12:00  Zergling x24  
  199  12:38  Overseer  
  199  12:55  Overseer x2  
  199  13:15  Unknown  
  199  13:29  Baneling x7  
  199  13:49  Baneling x4  
Tags
 
Composition
Swarm Host
Matchup
PvZ
Opening
Pool First
Spawn Locations
Cross Positions
Add a new tag
Caveats
  • Supply blocks, unpowered buildings, or Contaminate may cause inaccurate times.
  • Supply counts are checked every 10 seconds.